2207 views
Uploaded 2022-05-02 21:23:13
Game version 1.32.10
10:40 long 1on1on1on1 ladder game on (6)NeonCity
Saved by ǢƂŎ
2207 views
Uploaded 2022-05-02 21:23:13
Game version 1.32.10
10:40 long 1on1on1on1 ladder game on (6)NeonCity

21 units @ 3.6k
/ 0.6k
13 buildings @ 2.2k
/ 0.8k


| Orb of Corruption | 2 | 750 |
| total: | 2 | 750g |
| Acolyte | 3 | 225 | / | 0 |
| Ghoul | 10 | 1200 | / | 0 |
| Crypt Fiend | 4 | 860 | / | 160 |
| Obsidian Statue | 1 | 200 | / | 35 |
| Frost Wyrm | 3 | 1155 | / | 360 |
| total: | 21 | 3640g | / | 555w |
| Nerubian Tower | 1 | 100 | / | 20 |
| Crypt | 2 | 400 | / | 100 |
| Graveyard | 1 | 215 | / | 0 |
| Altar of Darkness | 2 | 360 | / | 100 |
| Ziggurat | 5 | 750 | / | 250 |
| Tomb of Relics | 1 | 130 | / | 30 |
| Slaughterhouse | 1 | 140 | / | 135 |
| Boneyard | 1 | 175 | / | 200 |
| Halls of the Dead | 1 | 320 | / | 210 |
| Black Citadel | 1 | 325 | / | 230 |
| total: | 13 | 2170g | / | 815w |
| 0:03 | Acolyte |
| 0:05 | Crypt |
| 0:09 | Crypt |
| 0:14 | Graveyard |
| 0:19 | Acolyte |
| 0:41 | Altar of Darkness |
| 0:42 | Altar of Darkness |
| 0:56 | Ziggurat |
| 1:10 | Ghoul |
| 1:10 | Ghoul |
| 1:10 | Ghoul |
| 1:10 | Ghoul |
| 1:10 | Ghoul |
| 1:10 | Ghoul |
| 1:10 | Ghoul |
| 1:17 | Acolyte |
| 1:33 | Ziggurat |
| 1:48 | Ghoul |
| 1:56 | Ghoul |
| 2:27 | Halls of the Dead |
| 2:45 | Carrion Beetles |
| 2:56 | Crypt Fiend |
| 3:13 | Crypt Fiend |
| 3:31 | Crypt Fiend |
| 4:13 | Ziggurat |
| 4:26 | Ghoul |
| 4:36 | Nerubian Tower |
| 4:40 | Ziggurat |
| 4:53 | Black Citadel |
| 5:01 | Burrow |
| 5:54 | Ziggurat |
| 6:12 | Tomb of Relics |
| 6:36 | Death Coil |
| 6:49 | Slaughterhouse |
| 6:53 | Unholy Armor |
| 7:19 | Boneyard |
| 7:26 | Ghoul Frenzy |
| 7:37 | Orb of Corruption |
| 7:37 | Orb of Corruption |
| 8:16 | Obsidian Statue |
| 8:36 | Frost Wyrm |
| 8:36 | Frost Wyrm |
| 9:04 | Destroyer Form |
| 9:26 | Crypt Fiend |
| 9:46 | Frost Wyrm |
| 10:18 | Impale |
| Select group | 570 |
| Right click | 538 |
| Select | 173 |
| Misc. action | 65 |
| Build/train/purchase | 49 |
| Chat | 45 |
| Assign group | 32 |
| Use ability | 8 |
| Esc | 1 |
13 units @ 2.2k
/ 0.3k
11 buildings @ 1.8k
/ 0.7k


| Rod of Necromancy | 2 | 300 |
| total: | 2 | 300g |
| Acolyte | 2 | 150 | / | 0 |
| Ghoul | 3 | 360 | / | 0 |
| Crypt Fiend | 5 | 1075 | / | 200 |
| Obsidian Statue | 3 | 600 | / | 105 |
| total: | 13 | 2185g | / | 305w |
| Nerubian Tower | 2 | 200 | / | 40 |
| Spirit Tower | 1 | 145 | / | 40 |
| Altar of Darkness | 1 | 180 | / | 50 |
| Crypt | 1 | 200 | / | 50 |
| Ziggurat | 5 | 750 | / | 250 |
| Graveyard | 1 | 215 | / | 0 |
| Tomb of Relics | 1 | 130 | / | 30 |
| Slaughterhouse | 1 | 140 | / | 135 |
| Temple of the Damned | 1 | 155 | / | 140 |
| Halls of the Dead | 1 | 320 | / | 210 |
| Black Citadel | 1 | 325 | / | 230 |
| total: | 11 | 1770g | / | 655w |
| 0:02 | Acolyte |
| 0:02 | Acolyte |
| 0:38 | Altar of Darkness |
| 0:42 | Crypt |
| 0:45 | Ziggurat |
| 1:09 | Graveyard |
| 1:14 | Ziggurat |
| 1:29 | Tomb of Relics |
| 1:44 | Ghoul |
| 1:54 | Ghoul |
| 2:05 | Nerubian Tower |
| 2:23 | Ghoul |
| 2:26 | Nerubian Tower |
| 2:37 | Rod of Necromancy |
| 2:39 | Death Coil |
| 3:00 | Crypt Fiend |
| 3:31 | Crypt Fiend |
| 3:55 | Crypt Fiend |
| 3:58 | Ziggurat |
| 4:29 | Crypt Fiend |
| 4:34 | Unholy Aura |
| 4:45 | Halls of the Dead |
| 5:53 | Unholy Aura |
| 6:02 | Creature Attack |
| 6:22 | Ziggurat |
| 6:27 | Crypt Fiend |
| 6:32 | Rod of Necromancy |
| 7:23 | Slaughterhouse |
| 8:01 | Burrow |
| 8:17 | Death Pact |
| 8:29 | Frost Armor |
| 8:32 | Obsidian Statue |
| 8:32 | Obsidian Statue |
| 8:35 | Black Citadel |
| 8:42 | Ziggurat |
| 8:48 | Web |
| 8:50 | Creature Carapace |
| 10:00 | Frost Nova |
| 10:09 | Spirit Tower |
| 10:10 | Obsidian Statue |
| 10:14 | Improved Creature Attack |
| 10:30 | Temple of the Damned |
| Right click | 153 |
| Select | 145 |
| Build/train/purchase | 50 |
| Misc. action | 19 |
| Use ability | 15 |
| Chat | 8 |
| Item give/drop | 1 |
19 units @ 2.1k
/ 0.2k
10 buildings @ 1.7k
/ 0.4k



| Healing Salve | 3 | 300 |
| Orb of Lightning | 1 | 375 |
| Lesser Clarity Potion | 1 | 70 |
| total: | 5 | 745g |
| Peon | 9 | 675 | / | 0 |
| Troll Headhunter | 10 | 1400 | / | 200 |
| total: | 19 | 2075g | / | 200w |
| Orc Burrow | 5 | 800 | / | 200 |
| Altar of Storms | 1 | 180 | / | 50 |
| War Mill | 1 | 205 | / | 0 |
| Barracks | 2 | 360 | / | 100 |
| Voodoo Lounge | 1 | 130 | / | 30 |
| Stronghold | 2 | 630 | / | 380 |
| Fortress | 2 | 650 | / | 380 |
| total: | 10 | 1675g | / | 380w |
| 0:01 | Peon |
| 0:01 | Peon |
| 0:01 | Peon |
| 0:17 | Orc Burrow |
| 0:34 | Altar of Storms |
| 0:41 | Peon |
| 0:48 | War Mill |
| 0:59 | Peon |
| 1:03 | Barracks |
| 1:12 | Peon |
| 1:33 | Peon |
| 1:43 | Orc Burrow |
| 1:46 | Peon |
| 1:46 | Peon |
| 2:05 | Troll Headhunter |
| 2:11 | Voodoo Lounge |
| 2:32 | Mirror Image |
| 2:35 | Troll Headhunter |
| 2:50 | Troll Headhunter |
| 3:09 | Stronghold |
| 3:25 | Troll Headhunter |
| 3:40 | Orc Burrow |
| 4:05 | Troll Headhunter |
| 4:32 | Troll Headhunter |
| 4:37 | Orc Burrow |
| 4:58 | Troll Headhunter |
| 5:36 | Critical Strike |
| 5:38 | Fortress |
| 5:50 | Troll Regeneration |
| 6:20 | Orc Burrow |
| 6:22 | Barracks |
| 6:37 | Healing Salve |
| 6:46 | Healing Salve |
| 6:50 | Hex |
| 6:59 | Steel Ranged Weapons |
| 7:24 | Troll Headhunter |
| 7:25 | Steel Armor |
| 7:36 | Troll Headhunter |
| 8:19 | Berserker Upgrade |
| 8:48 | Troll Headhunter |
| 9:34 | Orb of Lightning |
| 9:39 | Healing Salve |
| 9:40 | Lesser Clarity Potion |
| 9:44 | Healing Wave |
| 9:45 | War Stomp |
| 9:54 | Thorium Ranged Weapons |
| Right click | 753 |
| Chat | 453 |
| Select group | 375 |
| Select | 268 |
| Misc. action | 111 |
| Assign group | 73 |
| Build/train/purchase | 63 |
| Use ability | 11 |
| Item give/drop | 1 |
29 units @ 3.8k
/ 0.3k
28 buildings @ 3.2k
/ 1.8k


| Scroll of Regeneration | 2 | 200 |
| Potion of Healing | 1 | 150 |
| Potion of Mana | 1 | 200 |
| total: | 4 | 550g |
| Peasant | 12 | 900 | / | 0 |
| Footman | 12 | 1620 | / | 0 |
| Flying Machine | 1 | 100 | / | 30 |
| Gryphon Rider | 1 | 280 | / | 70 |
| Priest | 1 | 135 | / | 10 |
| Goblin Shredder | 2 | 750 | / | 200 |
| total: | 29 | 3785g | / | 310w |
| Scout Tower | 7 | 210 | / | 140 |
| Arcane Tower | 2 | 140 | / | 100 |
| Guard Tower | 3 | 210 | / | 150 |
| Altar of Kings | 1 | 180 | / | 50 |
| Barracks | 1 | 160 | / | 60 |
| Farm | 8 | 640 | / | 160 |
| Town Hall | 2 | 770 | / | 410 |
| Arcane Vault | 1 | 130 | / | 30 |
| Lumber Mill | 1 | 120 | / | 0 |
| Blacksmith | 1 | 140 | / | 60 |
| Arcane Sanctum | 1 | 150 | / | 140 |
| Workshop | 1 | 140 | / | 140 |
| Gryphon Aviary | 4 | 560 | / | 600 |
| Keep | 1 | 320 | / | 210 |
| Castle | 1 | 360 | / | 210 |
| total: | 28 | 3200g | / | 1790w |
| 0:04 | Peasant |
| 0:04 | Peasant |
| 0:07 | Altar of Kings |
| 0:18 | Barracks |
| 0:31 | Peasant |
| 0:39 | Farm |
| 0:51 | Peasant |
| 0:52 | Farm |
| 1:01 | Peasant |
| 1:19 | Peasant |
| 1:22 | Footman |
| 1:33 | Farm |
| 1:37 | Peasant |
| 1:50 | Footman |
| 1:51 | Footman |
| 2:05 | Peasant |
| 2:12 | Footman |
| 2:13 | Summon Water Elemental |
| 2:14 | Summon Water Elemental |
| 2:25 | Peasant |
| 2:38 | Footman |
| 2:41 | Peasant |
| 3:06 | Peasant |
| 3:07 | Footman |
| 3:10 | Brilliance Aura |
| 3:39 | Town Hall |
| 5:03 | Goblin Shredder |
| 5:03 | Goblin Shredder |
| 5:12 | Summon Water Elemental |
| 5:14 | Keep |
| 5:16 | Arcane Vault |
| 5:27 | Footman |
| 5:33 | Lumber Mill |
| 5:51 | Footman |
| 6:00 | Footman |
| 6:02 | Farm |
| 6:06 | Blacksmith |
| 6:12 | Farm |
| 6:13 | Footman |
| 6:20 | Scroll of Regeneration |
| 6:20 | Scroll of Regeneration |
| 6:23 | Scout Tower |
| 6:53 | Footman |
| 6:57 | Improved Masonry |
| 7:01 | Scout Tower |
| 7:01 | Arcane Tower |
| 7:14 | Footman |
| 7:19 | Defend |
| 7:21 | Iron Forged Swords |
| 7:31 | Scout Tower |
| 7:31 | Guard Tower |
| 7:37 | Castle |
| 7:40 | Farm |
| 7:42 | Arcane Sanctum |
| 7:58 | Workshop |
| 8:01 | Guard Tower |
| 8:05 | Scout Tower |
| 8:24 | Gryphon Aviary |
| 8:27 | Gryphon Aviary |
| 8:44 | Scout Tower |
| 8:46 | Storm Bolt |
| 8:47 | Brilliance Aura |
| 8:57 | Gryphon Aviary |
| 8:58 | Gryphon Aviary |
| 9:01 | Scout Tower |
| 9:04 | Potion of Healing |
| 9:04 | Potion of Mana |
| 9:10 | Peasant |
| 9:20 | Guard Tower |
| 9:21 | Scout Tower |
| 9:23 | Priest Adept Training |
| 9:28 | Flying Machine |
| 9:50 | Arcane Tower |
| 10:05 | Town Hall |
| 10:13 | Gryphon Rider |
| 10:15 | Farm |
| 10:17 | Farm |
| 10:37 | Priest |
| Right click | 553 |
| Select group | 407 |
| Select | 270 |
| Build/train/purchase | 79 |
| Misc. action | 66 |
| Assign group | 53 |
| Chat | 7 |
| Use ability | 5 |
| Item give/drop | 1 |
| Esc | 1 |
⇛